 Dungeon Crawl Stone Soup version 0.29.1-15-g9cfb28693d (webtiles) character file.

Game seed: 13750354742026547649

91168 Peloso the Fencer (level 15, -6/144 HPs)
             Began as a Minotaur Fighter on Mar 11, 2023.
             Was the Champion of Okawaru.
             Killed by the air
             ... invoked by a blizzard demon
              (14 damage)
             ... on level 2 of the Abyss.
             The game lasted 01:03:58 (31110 turns).

Peloso the Fencer (Minotaur Fighter)               Turns: 31110, Time: 01:03:58

Health: -6/144     AC: 19    Str: 25    XL:     15   Next: 54%
Magic:  0/21       EV: 14    Int:  5    God:    Okawaru [******]
Gold:   1098       SH: 14    Dex: 16    Spells: 14/14 levels left

rFire   . . .      SeeInvis .   a - +6 double sword "Qidodoc" {vamp, Fragile rElec rCorr}
rCold   . . .      Faith    .   d - +0 kite shield {AC+3}
rNeg    . . .      Spirit   +   V - +4 moon troll leather armour {Spirit, Regen++ MP+5}
rPois   +          Reflect  .   (helmet restricted)
rElec   +          Harm     .   (no cloak)
rCorr   +          Rampage  .   Q - +2 pair of gloves {Dex+3}
Will    ++...                   v - +0 pair of boots
Stlth   ++........              Z - amulet of regeneration
HPRegen 2.74/turn               N - ring of willpower
MPRegen 0.17/turn               y - ring of poison resistance

@: no status effects
A: horns 2, retaliatory headbutt
a: Renounce Religion, Heroism, Finesse, Duel


You were on level 2 of the Abyss.
You worshipped Okawaru.
Okawaru was exalted by your worship.
You visited 4 branches of the dungeon, and saw 22 of its levels.
You visited the Abyss 1 time.
You also visited: Sewer and Bailey.

You collected 4252 gold pieces.
You spent 3154 gold pieces at shops.

Inventory:

Hand Weapons
 a - the +6 double sword "Qidodoc" (weapon) {vamp, Fragile rElec rCorr}
   (Okawaru gifted it to you on level 5 of the Lair of Beasts)

   It occasionally heals its wielder for a portion of the damage dealt when it
   wounds a living foe.
   rElec:     It insulates you from electricity.
   rCorr:     It protects you from acid and corrosion.
   Fragile:   It will be destroyed if unequipped.
 b - a +3 scimitar of electrocution
 c - a +1 scimitar of flaming
 Y - a +0 demon blade
Armour
 d - a +0 kite shield of protection (worn)
 v - a +0 pair of boots (worn)
 B - the +4 plate armour "Ylutta" {rN+}
   (You bought it in a shop on level 2 of the Dungeon)

   rN:        It protects you from negative energy.
 C - a +1 plate armour of poison resistance
 Q - a +2 pair of gloves of dexterity (worn)
 V - the +4 moon troll leather armour (worn) {Spirit, Regen++ MP+5}
   (You found it on level 5 of the Lair of Beasts)

   MP:        It affects your magic capacity (+5).
   Regen:     It increases your rate of health regeneration.
 X - the +5 chain mail of the Arcane {Dex+3}
   (You found it on level 5 of the Lair of Beasts)

   Dex:       It affects your dexterity (+3).
Jewellery
 f - an amulet of guardian spirit
 w - a ring of positive energy
 y - a ring of poison resistance (right hand)
 K - a ring of ice
 N - a ring of willpower (left hand)
 T - a +6 ring of dexterity
 U - a ring of resist corrosion
 Z - an amulet of regeneration (around neck)
Wands
 i - a wand of iceblast (12)
 j - a wand of digging (9)
 R - a wand of quicksilver (6)
 S - a wand of flame (13)
Scrolls
 h - a scroll of poison
 k - 6 scrolls of immolation
 m - 5 scrolls of enchant weapon
 n - 4 scrolls of amnesia
 r - 5 scrolls of butterflies
 t - 3 scrolls of blinking
 u - a scroll of noise
 E - 4 scrolls of magic mapping
 G - 5 scrolls of teleportation
 H - 2 scrolls of fear
 L - 2 scrolls of enchant armour {unknown}
 M - 2 scrolls of acquirement
 O - 2 scrolls of summoning {unknown}
 W - 2 scrolls of identify
Potions
 e - 10 potions of curing
 g - 8 potions of cancellation
 l - 3 potions of resistance
 o - 3 potions of might
 p - 5 potions of brilliance
 q - a potion of ambrosia
 s - 3 potions of berserk rage
 x - 7 potions of heal wounds
 z - 2 potions of magic
 A - 2 potions of flight {unknown}
 D - 6 potions of haste
 F - 9 potions of mutation
 I - 2 potions of invisibility {unknown}
 J - a potion of experience
Miscellaneous
 P - a phial of floods


   Skills:
 + Level 16.0 Fighting
 + Level 17.0 Long Blades
 + Level 16.1 Armour
 + Level 6.1 Dodging
 + Level 2.3 Stealth
 + Level 16.8 Shields
 + Level 3.8 Invocations
 + Level 0.7 Evocations


You had 14 spell levels left.
You didn't know any spells.
Your spell library contained the following spells:

 Spells                   Type           Power      Damage    Failure   Level
 Apportation              Tloc           0%         N/A       67%         1
 Necrotise                Necr           0%         1d4       67%         1
 Shock                    Conj/Air       0%         1d3       67%         1
 Slow                     Hex            0%         N/A       67%         1
 Blink                    Tloc           0%         N/A       80%         2
 Poisonous Vapours        Pois/Air       0%         N/A       80%         2
 Sublimation of Blood     Necr           0%         N/A       80%         2
 Confusing Touch          Hex            0%         N/A       95%         3
 Lesser Beckoning         Tloc           0%         N/A       95%         3
 Portal Projectile        Hex/Tloc       0%         N/A       95%         3
 Swiftness                Air            0%         N/A       95%         3
 Vampiric Draining        Necr           0%         2d6       95%         3
 Airstrike                Air            0%         2d(0-16)  100%        4
 Fulminant Prism          Conj/Hex       0%         3d6       100%        4
 Iskenderun's Mystic Bla  Conj/Tloc      0%         2d3       100%        4
 Leda's Liquefaction      Hex/Erth       0%         N/A       100%        4
 Olgreb's Toxic Radiance  Pois           0%         N/A       100%        4
 Passage of Golubria      Tloc           0%         N/A       100%        4
 Blade Hands              Tmut           0%         N/A       100%        5
 Lee's Rapid Deconstruct  Erth           0%         3d5*      100%        5
 Manifold Assault         Tloc           0%         N/A       100%        5
 Silence                  Hex/Air        0%         N/A       100%        5
 Orb of Destruction       Conj           0%         9d5       100%        7
 Ozocubu's Refrigeration  Ice            0%         4d7       100%        7
 Ignition                 Fire           0%         3d3       100%        8
 Lehudib's Crystal Spear  Conj/Erth      0%         10d2      100%        8
 Chain Lightning          Conj/Air       0%         N/A       100%        9
 Fire Storm               Conj/Fire      0%         5d1       100%        9
 Shatter                  Erth           0%         3d5*      100%        9
 Summon Small Mammal      Summ           Unusable   N/A       N/A         1
 Call Imp                 Summ           Unusable   N/A       N/A         2
 Call Canine Familiar     Summ           Unusable   N/A       N/A         3
 Summon Guardian Golem    Hex/Summ       Unusable   N/A       N/A         3
 Tukima's Dance           Hex            Unusable   N/A       N/A         3
 Spellforged Servitor     Conj/Summ      Unusable   N/A       N/A         7

Dungeon Overview and Level Annotations

Branches:
Dungeon (14/15)            Temple (1/1) D:4            Lair (5/5) D:11
 Shoals (0/4) Lair:2       Spider (0/4) Lair:3        Slime (0/5) Lair:5
    Orc (2/2) D:11            Elf (0/3) Orc:2        Vaults (0/5) D:14
  Sewer (visited)          Bailey (visited)

Altars:
Ashenzari
Cheibriados
Dithmenos
Elyvilon
Fedhas
Gozag
Hepliaklqana
Makhleb
Nemelex Xobeh
Okawaru
Qazlal
Ru
Sif Muna
Trog
Uskayaw
Vehumet
Xom
Yredelemnul
Zin
The Shining One
Jiyva

Shops:
D:1 :   D:2 *!*   D:14 (=*:   Orc:1 [   Orc:2 [(!?

Annotations:
D:10 2 runed translucent doors, Silencio's ghost, journeyman MiFi


Innate Abilities, Weirdness & Mutations

You have a pair of horns on your head.
You reflexively headbutt those who attack you in melee.


Message History

You hit the blizzard demon but do no damage.
Your headbutt misses the blizzard demon.
The blizzard demon is lightly wounded.
You are engulfed in freezing vapours.
You block the blizzard demon's attack. The blizzard demon barely misses you.
You hit the blizzard demon but do no damage.
You headbutt the blizzard demon, but do no damage.
The blizzard demon is lightly wounded.
You are engulfed in freezing vapours.
The blizzard demon is engulfed in freezing vapours.
The blizzard demon hits you. The blizzard demon hits you!
You slice the blizzard demon!!
The blizzard demon is heavily wounded.
You are engulfed in freezing vapours.
The blizzard demon is engulfed in freezing vapours.
The blizzard demon gestures at you. The freezing blast engulfs you!!
* * * LOW HITPOINT WARNING * * *
You closely miss the blizzard demon.
Your headbutt misses the blizzard demon.
The blizzard demon is heavily wounded.
You are engulfed in freezing vapours.
* * * LOW HITPOINT WARNING * * *
Unknown command.
You slash the blizzard demon! You headbutt the blizzard demon!
The blizzard demon is almost dead.
You are engulfed in freezing vapours.
* * * LOW HITPOINT WARNING * * *
The blizzard demon is engulfed in freezing vapours.
The blizzard demon gestures at you. The bolt of lightning misses you.
The bolt of lightning hits you. You resist.
* * * LOW HITPOINT WARNING * * *
The bolt of lightning hits the blizzard demon.
The blizzard demon completely resists.
You feel much better.
You are engulfed in freezing vapours.
* * * LOW HITPOINT WARNING * * *
The blizzard demon is engulfed in freezing vapours.
The blizzard demon waves its arms in wide circles.
The air twists around and strikes you!
You die...

....# .##
#...###.# #.
...#.# ..
#.#.###....
##### ##.
#....#
#....##..#. .#
# .. #.#..###
#...##...°○°#.
#.#.#..#..@#
.# #
#..###.°2.##..
# #......○°..#
.#
###.##......#.
.. #...#...#.
. #
..#........ #
...##.#...## .
#.##.#...... #
. .. #


You could see a blizzard demon.

Vanquished Creatures
  2 orc warlords
  A vault guard (D:14)
  A merfolk avatar (Lair:5)
  6 hydras
  2 two-headed ogres
  2 boulder beetles
  2 centaur warriors
  A tengu warrior (D:13)
  Erica (D:10)
  14 death yaks
  2 thrashing horrors (Abyss:2)
  Urug (D:10)
  A shadow wraith (Abyss:2)
  Lodul (D:10)
  A sea snake (Lair:5)
  2 large abominations (Abyss:2)
  5 orc knights
  A harpy (Lair:5)
  2 deep elf pyromancers (D:14)
  5 lindwurms
  Pikel (D:6)
  3 orc sorcerers
  12 ugly things
  4 manticores
  4 oklob plants (Lair:5)
  A slime creature (Lair:5)
  5 cyclopes
  3 elephants (Lair:5)
  An eye of devastation (Abyss:2)
  6 black mambas
  9 cane toads
  An orange demon (Abyss:2)
  2 gargoyles
  2 rime drakes (Lair:5)
  2 kobold demonologists (D:10)
  A tormentor (Abyss:2)
  A freezing wraith (D:12)
  6 komodo dragons
  A tengu conjurer (D:13)
  8 trolls
  4 polar bears
  3 wind drakes
  2 hornets
  Prince Ribbit (Lair:2)
  33 blink frogs
  3 snapping turtles (Lair:5)
  27 dream sheep
  2 wraiths (D:12)
  2 vampires
  3 basilisks
  6 wyverns
  54 yaks
  16 humans (D:14)
  2 vampire mosquitoes (D:12)
  A neqoxec (Abyss:2)
  2 steam dragons (Lair:5)
  4 acid dragons
  14 water moccasins
  31 orc warriors
  2 black bears
  An ice beast (D:6)
  2 sky beasts
  19 ogres
  9 wolves
  6 centaurs
  A lemure (D:7)
  A phantom (D:5)
  9 kobold brigands
  15 bullfrogs
  5 gnoll sergeants
  3 scorpions
  2 necrophages
  4 wights
  13 killer bees
  An electric eel (Lair:3)
  7 howler monkeys
  3 hounds
  23 orc priests
  5 jellies
  4 gnoll boudas
  4 iguanas
  Terence (D:2)
  22 orc wizards
  4 hell rats
  Robin (D:2)
  7 adders
  24 gnolls
  A shadow imp (Abyss:2)
  2 ufetubi
  4 worms
  2 dart slugs
  81 orcs
  7 ball pythons
  9 bats
  14 endoplasms
  5 giant cockroaches
  18 goblins
  15 hobgoblins
  8 quokkas
  2 frilled lizards
  29 kobolds
  9 rats
740 creatures vanquished.

Vanquished Creatures (others)
  2 orc wizards (Orc:1)
  8 bushes
  27 fungi
  A lurking horror (Abyss:2)
  83 plants
  5 toadstools (D:1)
126 creatures vanquished.

Grand Total: 866 creatures vanquished

Notes
Turn   | Place    | Note
-------+----------+-------------------------------------------
     0 | D:1      | Peloso the Minotaur Fighter began the quest for the Orb.
     0 | D:1      | Reached XP level 1. HP: 19/19 MP: 0/0
    96 | D:1      | Found Dockith's Book Emporium.
   132 | D:1      | Reached XP level 2. HP: 24/27 MP: 1/1
   370 | D:1      | Reached skill level 3 in Long Blades
   733 | D:2      | Reached XP level 3. HP: 33/33 MP: 2/2
  1038 | D:2      | Found Nanol's Assorted Antiques.
  1049 | D:2      | Bought a scroll labelled HYRYOSE PAGIA for 31 gold pieces
  1049 | D:2      | Bought a clear potion for 27 gold pieces
  1049 | D:2      | Bought a murky ruby potion for 27 gold pieces
  1113 | D:2      | Noticed Robin
  1120 | D:2      | Killed Robin
  1413 | D:2      | Reached XP level 4. HP: 40/40 MP: 3/3
  1450 | D:2      | Noticed Terence
  1460 | D:2      | Killed Terence
  1587 | D:2      | Found Ottud's Assorted Antiques.
  1645 | D:2      | Found Beum's Distillery.
  1871 | D:3      | Reached skill level 4 in Long Blades
  2276 | D:3      | Reached XP level 5. HP: 13/46 MP: 4/4
  2596 | D:4      | Reached skill level 5 in Armour
  2760 | D:4      | Reached skill level 5 in Long Blades
  2981 | D:4      | Noticed a sky beast
  2994 | D:4      | Killed a sky beast
  2995 | D:4      | Reached skill level 1 in Dodging
  2995 | D:4      | Reached XP level 6. HP: 45/53 MP: 5/5
  3137 | D:4      | Found a staircase to the Ecumenical Temple.
  3146 | Temple   | Entered the Ecumenical Temple
  3265 | Temple   | Became a worshipper of Warmaster Okawaru
  4124 | D:4      | Reached skill level 5 in Fighting
  4174 | D:4      | Found a sacrificial altar of Ru.
  4457 | D:5      | Entered Level 5 of the Dungeon
  4495 | D:5      | Reached skill level 6 in Long Blades
  4495 | D:5      | Reached XP level 7. HP: 61/61 MP: 6/6
  4848 | D:5      | Reached skill level 5 in Shields
  4880 | D:5      | Reached skill level 7 in Long Blades
  5321 | D:5      | Reached XP level 8. HP: 67/69 MP: 7/7
  5537 | D:6      | Identified a scroll of acquirement
  5591 | D:6      | Reached * piety under Okawaru
  5615 | D:6      | Reached skill level 8 in Long Blades
  5638 | D:6      | Found a glowing drain.
  5643 | Sewer    | Entered a sewer
  6236 | D:2      | Acquired 841 gold pieces
  6242 | D:2      | Bought a jewelled plate armour for 476 gold pieces
  6242 | D:2      | Identified the +4 plate armour "Ylutta" {rN+} (You bought
                  | it in a shop on level 2 of the Dungeon)
  6261 | D:2      | Bought a scroll labelled UQOT KAUPPUOCW for 17 gold pieces
  6261 | D:2      | Bought 3 scrolls labelled UQOT KAUPPUOCW for 51 gold pieces
  7287 | D:6      | Reached skill level 9 in Long Blades
  7520 | D:7      | Noticed Pikel
  7557 | D:6      | Killed Pikel
  7557 | D:6      | Reached ** piety under Okawaru
  7558 | D:6      | Reached XP level 9. HP: 12/78 MP: 0/8
  7912 | D:7      | Reached skill level 1 in Stealth
  8140 | D:6      | Reached *** piety under Okawaru
  8545 | D:7      | Reached skill level 10 in Long Blades
  9574 | D:8      | Reached skill level 10 in Armour
  9574 | D:8      | Reached XP level 10. HP: 55/88 MP: 6/9
  9588 | D:8      | Reached skill level 1 in Invocations
  9835 | D:8      | Reached skill level 11 in Long Blades
 10484 | D:9      | Reached **** piety under Okawaru
 10540 | D:9      | Found a stormy altar of Qazlal.
 10541 | D:9      | Found a broken altar of Ashenzari.
 10823 | D:9      | Found a glowing golden altar of the Shining One.
 11453 | D:9      | Found a blossoming altar of Fedhas.
 11493 | D:9      | Got Qyrob's Foundations of Witchery
 11820 | D:10     | Entered Level 10 of the Dungeon
 11869 | D:10     | Reached skill level 12 in Long Blades
 11888 | D:10     | Reached ***** piety under Okawaru
 11957 | D:10     | Noticed Urug
 11974 | D:10     | Killed Urug
 11975 | D:10     | Reached XP level 11. HP: 69/97 MP: 8/11
 12120 | D:10     | Found a flagged portal.
 12152 | Bailey   | Entered a bailey
 12170 | Bailey   | Noticed an orc warlord
 12312 | Bailey   | Noticed an orc knight
 12331 | Bailey   | Killed an orc knight
 12388 | Bailey   | Found a runed translucent gate.
 12390 | Bailey   | Found a runed translucent gate.
 12391 | Bailey   | Found a runed translucent gate.
 12809 | Bailey   | Killed an orc warlord
 12893 | D:10     | Found a runed translucent door.
 12894 | D:10     | Noticed a skeletal warrior
 12894 | D:10     | Noticed a boulder beetle
 12895 | D:10     | Noticed a deep troll
 12959 | D:10     | Found a runed translucent door.
 12959 | D:10     | Noticed a fire dragon
 12961 | D:10     | Noticed a skeletal warrior
 12963 | D:10     | Noticed a lich
 12963 | D:10     | Noticed Silencio's ghost (journeyman MiFi)
 12963 | D:10     | Noticed a necromancer
 13011 | D:10     | Received a gift from Okawaru
 13241 | D:10     | Noticed Erica
 13277 | D:10     | Killed Erica
 13278 | D:10     | Reached skill level 10 in Shields
 13531 | D:10     | Noticed Lodul
 13551 | D:10     | Killed Lodul
 14145 | D:11     | Found a staircase to the Lair.
 14178 | D:11     | Reached skill level 10 in Fighting
 14398 | D:11     | Noticed a two-headed ogre
 14407 | D:11     | Killed a two-headed ogre
 14408 | D:11     | Reached skill level 13 in Long Blades
 15364 | D:11     | Found a staircase to the Orcish Mines.
 15419 | D:11     | Reached XP level 12. HP: 76/107 MP: 8/13
 15605 | Lair:1   | Entered Level 1 of the Lair of Beasts
 16122 | Lair:1   | Noticed an eight-headed hydra
 16133 | Lair:1   | Killed a three-headed hydra
 16134 | Lair:1   | Reached skill level 14 in Long Blades
 16761 | Lair:2   | Noticed a death yak
 16761 | Lair:2   | Noticed a death yak
 16773 | Lair:2   | Noticed a death yak
 16784 | Lair:1   | Killed a death yak
 16821 | Lair:2   | Noticed a death yak
 16821 | Lair:2   | Noticed a death yak
 16832 | Lair:1   | Killed a death yak
 17013 | Lair:1   | Killed a death yak
 17013 | Lair:1   | Received a gift from Okawaru
 17079 | Lair:1   | Killed a death yak
 17085 | Lair:1   | Killed a death yak
 17362 | Lair:2   | Noticed Prince Ribbit
 17368 | Lair:2   | Killed Prince Ribbit
 17699 | Lair:2   | Found a staircase to the Shoals.
 18719 | Lair:3   | Reached ****** piety under Okawaru
 18804 | Lair:3   | Found a hole to the Spider Nest.
 18875 | Lair:3   | Reached XP level 13. HP: 118/118 MP: 14/14
 18923 | Lair:3   | Identified the +10 halberd "Igok" {vorpal, Int-4 Dex+6}
 18927 | Lair:3   | Received a gift from Okawaru
 19462 | Lair:3   | Reached skill level 15 in Long Blades
 21357 | Orc:1    | Entered Level 1 of the Orcish Mines
 22028 | Orc:1    | Found Onuwn's Antique Armour Shoppe.
 22684 | Orc:2    | Entered Level 2 of the Orcish Mines
 22802 | Orc:2    | Identified the +0 ring mail "Dodeutre" {rElec Str+3}
                  | (Okawaru gifted it to you on level 2 of the Orcish Mines)
 22802 | Orc:2    | Received a gift from Okawaru
 22842 | Orc:2    | Found Kifaav's Distillery.
 22852 | Orc:2    | Bought a potion of mutation for 120 gold pieces
 23455 | Orc:2    | Found a staircase to the Elven Halls.
 23582 | Orc:2    | Reached skill level 15 in Armour
 23819 | Orc:2    | Found Guloi's Magic Scroll Boutique.
 23825 | Orc:2    | Bought a scroll of acquirement for 676 gold pieces
 23825 | Orc:2    | Bought a scroll of acquirement for 676 gold pieces
 24157 | Orc:2    | Reached XP level 14. HP: 114/130 MP: 13/15
 24455 | Orc:2    | Noticed an orc warlord
 24489 | Orc:2    | Killed an orc warlord
 24581 | Orc:2    | Found Fexuhun's Antique Weapon Shop.
 24583 | Orc:2    | Found Fehys's Antique Armour Boutique.
 24603 | Orc:2    | Bought an ichor-stained scimitar for 198 gold pieces
 24603 | Orc:2    | Identified the +2 scimitar "Murmur" {elec, +Blink Int+4}
                  | (You bought it in a shop on level 2 of the Orcish Mines)
 26964 | Lair:5   | Entered Level 5 of the Lair of Beasts
 26978 | Lair:4   | Received a gift from Okawaru
 27366 | Lair:5   | Reached skill level 15 in Shields
 28403 | Lair:5   | Reached skill level 16 in Long Blades
 28447 | Lair:5   | Found a staircase to the Slime Pits.
 28448 | Lair:5   | Found a viscous altar of Jiyva.
 28458 | Lair:5   | Identified the +6 double sword "Qidodoc" {vamp, Fragile
                  | rElec rCorr} (Okawaru gifted it to you on level 5 of the
                  | Lair of Beasts)
 28458 | Lair:5   | Received a gift from Okawaru
 28653 | Lair:5   | Found the +4 moon troll leather armour {Spirit, Regen++
                  | MP+5}
 28663 | Lair:5   | Identified the +5 chain mail of the Arcane {Dex+3}
 28927 | Lair:5   | Reached skill level 15 in Fighting
 29014 | Lair:5   | Reached skill level 5 in Dodging
 29305 | Lair:5   | Reached XP level 15. HP: 141/141 MP: 16/16
 29447 | Lair:5   | Identified the +6 scale mail of Boxt {Int+3} (Okawaru
                  | gifted it to you on level 5 of the Lair of Beasts)
 29447 | Lair:5   | Received a gift from Okawaru
 29546 | Lair:5   | Identified the +4 rapier of Extinguishment {venom, Str+3}
 30103 | D:14     | Found Wimied's Book Shoppe.
 30260 | D:14     | Found Jyuff's Assorted Antiques.
 30558 | D:14     | Found Genan's Antique Weapon Shoppe.
 30608 | D:14     | Bought a demon blade for 465 gold pieces
 30610 | D:14     | Found Uculubi's Jewellery Boutique.
 30621 | D:14     | Bought an amulet of regeneration for 390 gold pieces
 30912 | D:14     | Found a gate to the Vaults.
 30929 | D:14     | Reached skill level 17 in Long Blades
 30933 | Abyss:2  | Cast into level 2 of the Abyss (a wizard)
 31110 | Abyss:2  | HP: 5/144 [blizzard demon] (28)]
 31110 | Abyss:2  | Killed from afar by a blizzard demon

Illustrated notes

Levels and vault maps discovered:
D:1:      ldierk_walled_garden, layout_rooms, serial_shops, shop
D:2:      layout_rooms, serial_shops, shop_fountains, nicolae_square_shop, shop,
          minivault_24, kennysheep_generic_room_16, uniq_robin, uniq_terence
D:3:      layout_rooms
D:4:      minmay_octagon_keep, layout_rooms, marbit_many_paths,
          minmay_temple_entry_sparse_star, minmay_checkerbox
D:5:      layout_basic, minmay_liquid_box, chequers_serial_rivers_micro_a
D:6:      layout_layer_cave, gup_sewer_entry_bowl
D:7:      layout_cave_pools, uniq_pikel
D:8:      layout_gridville, nicolae_grassy_gnolls
D:9:      layout_cave_pools, mainiacjoe_overflow_divided_tiny,
          mainiacjoe_overflow_catch_the_wave
D:10:     layout_basic, enter_bailey_4, muffindrake_ghost_dual_entry,
          uniq_erica, uniq_urug, uniq_lodul
D:11:     layout_irregular_city, david_lair_shrubbed,
          kennysheep_orc_monster_closet_entryway
D:12:     layout_cave_pools
D:13:     layout_rooms, minmay_circle_x
D:14:     layout_roguey, grunt_vaults_entry_tiered, serial_shops,
          nicolae_shop_overgrown_old_shop, shop, nicolae_diamond_shop, shop,
          shop, good_gods_temple_1, gammafunk_ghost_cemetery
Temple:   minmay_crystal_spiral_temple
Lair:1:   layout_misc_corridors, serial_bayou_ford_a
Lair:2:   layout_cave_pods, elwin_shoals_entry_rocks, grunt_megastairs_4,
          lemuel_fruit_tree, serial_bayou_shore_b, uniq_prince_ribbit2
Lair:3:   layout_chaotic_city, dummy_spider_entry, nicolae_lair_lindhole,
          infiniplex_staircase_pool_2, serial_bayou_shore_a
Lair:4:   layout_hall_layers
Lair:5:   gammafunk_lair_ancient_temple, layout_small_grid,
          minmay_slime_entry_pillars, dpeg_oklob_1
Orc:1:    nicolae_orc_accident_2, layout_diamond_mine, serial_shops,
          nicolae_shop_waterfront
Orc:2:    grunt_orc_community_town_hall, layout_diamond_mine,
          grunt_orc_community_big_house_2, grunt_orc_community_big_house_1,
          grunt_orc_community_house_1, grunt_orc_community_house_2,
          grunt_orc_community_house_3, grunt_orc_community_house_2,
          grunt_orc_community_house_2, grunt_orc_community_house_1, basic_altar
Abyss:2:  base:
Lair:4

Skill      XL: |  1  2  3  4  5  6  7  8  9 10 11 12 13 14 15 |
---------------+----------------------------------------------+-----
Shields        | 4 5 6 7 9 10 12 14 15 16 | 16.8
Long Blades    | 3 4 5 6 7 9 10 12 13 14 15 16 17 | 17.0
Armour         | 4 5 7 8 10 11 12 13 15 16 | 16.1
Fighting       | 4 5 6 7 9 10 12 13 15 16 | 16.0
Dodging        | 1 2 3 4 5 6 |  6.1
Stealth        | 1 2 |  2.3
Invocations    | 1 2 3 |  3.8
Evocations     | |  0.7

Action                   |  1- 3 |  4- 6 |  7- 9 | 10-12 | 13-15 || total
-------------------------+-------+-------+-------+-------+-------++-------
Melee: Long sword        |    82 |   169 |   379 |   324 |       ||   954
       Headbutt          |     9 |    32 |    80 |   190 |   403 ||   714
       Scimitar          |       |       |       |   470 |   953 ||  1423
       Double sword      |       |       |       |       |   453 ||   453
Invok: Heroism           |       |       |     8 |    18 |    13 ||    39
       Finesse           |       |       |       |     1 |       ||     1
Evoke: Wand              |       |       |       |     3 |     2 ||     5
  Use: Potion            |     3 |       |     1 |     3 |     5 ||    12
       Scroll            |     2 |     4 |     9 |     4 |     9 ||    28
 Stab: Distracted        |       |       |       |       |     1 ||     1
Armor: Scale mail        |    21 |       |       |       |       ||    21
       Plate armour      |    35 |   149 |   275 |   489 |   542 ||  1490
       Troll leather arm |       |       |       |       |   131 ||   131
       Chain mail        |       |       |       |       |    59 ||    59
Dodge: Dodged            |    52 |    47 |   144 |   227 |   465 ||   935
Block: Buckler           |    31 |    57 |   139 |     5 |       ||   232
       Kite shield       |       |       |       |   460 |  1040 ||  1500
